 Dungeon Crawl Stone Soup version 0.28.0-43-g3370ac3207 (webtiles) character file.

Game seed: 5338137407250495274

43577 protoss039 the Eclecticist (level 13, 0/76 HPs)
             Began as a Deep Elf Earth Elementalist on Mar 14, 2022.
             Was a High Priest of Sif Muna.
             Slain by a reaper
             ... wielding a +4 scythe of freezing
              (31 damage)
             ... in an ice cave.
             The game lasted 01:03:29 (24985 turns).

protoss039 the Eclecticist (DEEE)                  Turns: 24985, Time: 01:03:36

Health: 0/76       AC: 12    Str:  5    XL:     13   Next: 91%
Magic:  16/36      EV: 13    Int: 31    God:    Sif Muna [*****.]
Gold:   995        SH:  0    Dex: 18    Spells: 26/46 levels left

rFire   x . .      SeeInvis .   Q - +5 hand axe "Earthworm" {drain, rF- rC+ Dex+3}
rCold   + + .      Faith    .   (no shield)
rNeg    . . .      Spirit   .   k - +1 robe of Dauchoh {rC+ Will+ Int+5}
rPois   +          Reflect  .   a - +0 helmet
rElec   .          Harm     .   l - +0 cloak
rCorr   .          Rampage  .   y - +0 pair of gloves
Will    ++...                   F - +1 pair of boots
Stlth   ++........              r - amulet of regeneration
HPRegen 1.02/turn               I - +4 ring of protection
MPRegen 0.25/turn               C - ring of poison resistance

@: studying Stealth
A: no striking features
a: Renounce Religion, Channel Magic, Forget Spell, Divine Exegesis


You were in an ice cave.
You worshipped Sif Muna.
Sif Muna was extremely pleased with you.
You visited 3 branches of the dungeon, and saw 20 of its levels.
You also visited: Ice Cave.

You collected 995 gold pieces.

Inventory:

Hand Weapons
 v - a +4 hand axe
 z - a +5 falchion of freezing
 Q - the +5 hand axe "Earthworm" (weapon) {drain, rF- rC+ Dex+3}
   (You found it on level 2 of the Lair of Beasts)

   A truly terrible weapon, it drains the life of any living foe it strikes.
   Dex:       It affects your dexterity (+3).
   rF:        It makes you vulnerable to fire.
   rC:        It protects you from cold.
Missiles
 c - 261 stones
Armour
 a - a +0 helmet (worn)
 k - the +1 robe of Dauchoh (worn) {rC+ Will+ Int+5}
   (You found it on level 2 of the Dungeon)

   Int:       It affects your intelligence (+5).
   rC:        It protects you from cold.
   Will:      It increases your willpower.
 l - a +0 cloak (worn)
 y - a +0 pair of gloves (worn)
 F - a +1 pair of boots (worn)
 J - a +2 robe of fire resistance
Magical Staves
 b - a staff of air
 t - a staff of death
 P - a staff of earth
Jewellery
 r - an amulet of regeneration (around neck)
 C - a ring of poison resistance (right hand)
 I - a +4 ring of protection (left hand)
 K - a ring of see invisible
Wands
 j - a wand of mindburst (3)
 n - a wand of digging (19)
 x - a wand of iceblast (5)
 G - a wand of acid (14)
Scrolls
 d - 2 scrolls of enchant weapon
 e - 5 scrolls of teleportation
 f - a scroll of identify
 g - a scroll of summoning
 h - 4 scrolls of fog
 o - a scroll of amnesia {unknown}
 q - 3 scrolls of fear
 A - a scroll of brand weapon {unknown}
 B - a scroll of acquirement {unknown}
 D - 2 scrolls of torment {unknown}
 L - 3 scrolls of enchant armour
 M - a scroll of blinking {unknown}
Potions
 i - 4 potions of mutation
 m - 3 potions of might
 u - 2 potions of haste
 w - a potion of flight
 E - 4 potions of curing
 H - 4 potions of heal wounds
 N - a potion of cancellation


   Skills:
 * Level 7.5 Fighting
 - Level 3.0 Dodging
 - Level 3.0 Stealth
 + Level 17.2 Spellcasting
 + Level 9.2 Conjurations
 - Level 2.0 Translocations
 - Level 4.0 Transmutations
 - Level 12.0 Earth Magic
 - Level 8.0 Poison Magic
 * Level 10.6 Invocations


You had 26 spell levels left.
You knew the following spells:

 Your Spells              Type           Power      Damage    Failure   Level
a - Sandblast             Erth           100%       2d20      0%          1
b - Passwall              Tmut/Erth      55%        N/A       1%          2
c - Stone Arrow           Conj/Erth      100%       3d13      1%          3
d - Petrify               Tmut/Erth      66%        N/A       1%          4
e - Olgreb's Toxic Radia  Pois           66%        N/A       1%          4
f - Irradiate             Conj/Tmut      30%        3d24      2%          5
g - Apportation           Tloc           78%        N/A       1%          1

Your spell library contained the following spells:

 Spells                   Type           Power      Damage    Failure   Level
 Foxfire                  Conj/Fire      100%       2x1d9     1%          1
 Sting                    Tmut/Pois      100%       1d8       1%          1
 Blink                    Tloc           78%        N/A       1%          2
 Poisonous Vapours        Pois/Air       100%       N/A       1%          2
 Static Discharge         Conj/Air       53%        N/A       1%          2
 Conjure Flame            Conj/Fire      53%        6-21      1%          3
 Lesser Beckoning         Tloc           39%        N/A       1%          3
 Scorch                   Fire           52%        2d8       2%          2
 Sublimation of Blood     Necr           26%        N/A       2%          2
 Flame Wave               Conj/Fire      53%        2d11      2%          4
 Sticky Flame             Conj/Fire      53%        2d7       2%          4
 Alistair's Intoxication  Tmut/Pois      39%        N/A       3%          5
 Inner Flame              Hex/Fire       26%        N/A       4%          3
 Vampiric Draining        Necr           26%        2d7       4%          3
 Dispel Undead            Necr           26%        3d13      16%         4
 Summon Lightning Spire   Summ/Air       26%        N/A       16%         4
 Manifold Assault         Tloc           39%        N/A       19%         5
 Orb of Destruction       Conj           35%        9d10      30%         7
 Lehudib's Crystal Spear  Conj/Erth      37%        10d9      78%         8
 Summon Cactus Giant      Summ           13%        N/A       94%         6
 Storm Form               Tmut/Air       19%        N/A       99%         7
 Haunt                    Necr/Summ      13%        N/A       100%        7
 Maxwell's Capacitive Co  Air            13%        ∞         100%        8
 Fire Storm               Conj/Fire      26%        8d7       100%        9


Dungeon Overview and Level Annotations

Branches:
Dungeon (14/15)            Temple (1/1) D:4            Lair (5/6) D:8
 Shoals (0/4) Lair:2        Snake (0/4) Lair:2        Slime (0/5) Lair:5
    Orc (0/2) D:9           IceCv (1/1)
 Vaults: D:13-14

Altars:
Ashenzari
Cheibriados
Dithmenos
Elyvilon
Fedhas
Gozag
Hepliaklqana
Kikubaaqudgha
Makhleb
Nemelex Xobeh
Okawaru
Qazlal
Ru
Sif Muna
Trog
Uskayaw
Vehumet
Wu Jian
Xom
Yredelemnul
Zin
The Shining One
Beogh
Lugonu

Shops:
D:2 (   D:9 [

Portals:
Abyss: Lair:2
Trove: D:11 (give 5 potions of resistance)

Annotations:
D:14 Louise
Lair:2 1 exclusion
Lair:3 2 transporters, exclusions: ice statue and oklob plant, dragonscale333's ghost, journeyman DjFE
Lair:4 2 transporters, Ceyroiss's ghost, journeyman HuWn


Message History

Press: ? - help, Shift-Dir - straight line, f/p - reaper
Aim: a reaper, wielding a +4 scythe of freezing, wearing a +0 robe of cold resistance and wearing a ring of ice (chance to affect: 15%)
Okay, then.
Casting: Petrify (mildly dangerous; 1% risk of failure)
Confirm with . or Enter, or press ? or * to list all spells.
Aiming: Stone Arrow (safe; 1% risk of failure)
Press: ? - help, Shift-Dir - straight line, f/p - reaper
Aim: a reaper, wielding a +4 scythe of freezing, wearing a +0 robe of cold resistance and wearing a ring of ice (78% to hit)
The stone arrow hits the reaper!
The reaper is lightly wounded.
Unknown command.
Casting: Stone Arrow (safe; 1% risk of failure)
Confirm with . or Enter, or press ? or * to list all spells.
Aiming: Stone Arrow (safe; 1% risk of failure)
Press: ? - help, Shift-Dir - straight line, f/p - reaper
Aim: a reaper, wielding a +4 scythe of freezing, wearing a +0 robe of cold resistance and wearing a ring of ice (lightly wounded, 78% to hit)
The stone arrow hits the reaper!!
The reaper is moderately wounded.
The reaper hits you from afar with a +4 scythe of freezing!!
The reaper freezes you.
Casting: Stone Arrow (safe; 1% risk of failure)
Confirm with . or Enter, or press ? or * to list all spells.
Aiming: Stone Arrow (safe; 1% risk of failure)
Press: ? - help, Shift-Dir - straight line, f/p - reaper
Aim: a reaper, wielding a +4 scythe of freezing, wearing a +0 robe of cold resistance and wearing a ring of ice (moderately wounded, 78% to hit)
The stone arrow hits the reaper!!
The reaper is severely wounded.
The reaper hits you from afar with a +4 scythe of freezing!!
The reaper freezes you.
Unknown command.
Okay, then.
Casting: Stone Arrow (safe; 1% risk of failure)
Confirm with . or Enter, or press ? or * to list all spells.
Aiming: Stone Arrow (safe; 1% risk of failure)
Press: ? - help, Shift-Dir - straight line, f/p - reaper
Aim: a reaper, wielding a +4 scythe of freezing, wearing a +0 robe of cold resistance and wearing a ring of ice (severely wounded, 78% to hit)
The stone arrow hits the reaper!!
The reaper is almost dead.
The reaper hits you from afar with a +4 scythe of freezing!!
You die...

#..........####.§.#######
#.#....#.### ###○.....○☼
####..##### ###○......#§
##...##§####..☼.##..☼○°
##..#..§§§#§....##..####
#..##§.☼#☼§§..#........#
#...######§§..###......##
##...## #§§....##......#
##...# ##...@.2...#.
##...# ##...###..# #...##
##### ..# ##...## ..#
##.....## 2.. #...∩...#
.... #.......# #.###
##..∩..## .. ##...##


You could see a reaper.

Vanquished Creatures
  Snorg (D:11)
  Josephine (D:11)
  Erolcha (D:9)
  A boulder beetle (D:12)
  A catoblepas (Lair:3)
  5 hydras
  2 two-headed ogres
  2 tengu warriors (D:13)
  6 death yaks
  Urug (D:11)
  Sonja (D:13)
  Pikel (D:9)
  A deep elf pyromancer (D:10)
  2 ugly things
  2 manticores
  A cyclops (D:12)
  2 ice statues (IceCv)
  3 black mambas
  A gargoyle (D:10)
  9 cane toads
  4 komodo dragons
  2 kobold demonologists
  A rime drake (Lair:3)
  4 ice devils (IceCv)
  4 trolls
  A polar bear (Lair:4)
  18 blink frogs
  7 slime creatures
  A wind drake (Lair:2)
  4 wyverns
  7 wraiths
  3 basilisks
  24 yaks
  A death yak simulacrum (IceCv)
  4 vampire mosquitoes
  2 acid dragons (D:12)
  A naga (Lair:2)
  10 water moccasins
  A harpy simulacrum (IceCv)
  A hornet zombie (D:8)
  12 orc warriors
  A swamp drake (D:9)
  2 ice beasts
  2 ogres
  4 sky beasts
  3 necrophages
  11 wolves
  4 centaurs
  A phantom (D:5)
  A kobold brigand (D:4)
  3 gnoll sergeants
  6 bullfrogs
  A scorpion (D:6)
  4 cane toad simulacra
  2 two-headed ogre simulacra (IceCv)
  A water moccasin zombie (D:6)
  2 elephant simulacra
  15 killer bees
  An electric eel (D:9)
  2 howler monkeys (D:11)
  7 wights (D:7)
  3 centaur zombies
  A bullfrog zombie (D:6)
  3 jellies
  A centaur skeleton (D:7)
  2 hounds
  A gnoll shaman (D:5)
  8 orc priests
  6 iguanas
  8 orc wizards
  3 hell rats (D:8)
  2 troll simulacra (IceCv)
  3 wolf simulacra
  Robin (D:2)
  A howler monkey zombie (D:9)
  12 gnolls
  2 river rats (D:8)
  5 adders
  A naga simulacrum (IceCv)
  A shadow imp (D:6)
  3 white imps
  An ufetubus (IceCv)
  An adder zombie (D:5)
  An adder skeleton (D:4)
  A worm (D:5)
  51 orcs
  5 endoplasms
  2 giant cockroaches
  17 goblins
  4 hobgoblins
  4 jackals (D:1)
  6 kobolds
  4 quokkas
  6 ball pythons
  4 bats
  7 frilled lizards
  7 rats
  A lurking horror (Lair:2)
418 creatures vanquished.

Vanquished Creatures (others)
  14 fungi
  23 plants
37 creatures vanquished.

Grand Total: 455 creatures vanquished

Notes
Turn   | Place    | Note
-------+----------+-------------------------------------------
     0 | D:1      | protoss039 the Deep Elf Earth Elementalist began the quest
                  | for the Orb.
     0 | D:1      | Reached XP level 1. HP: 10/10 MP: 6/6
   424 | D:1      | Reached XP level 2. HP: 15/15 MP: 8/8
   857 | D:1      | Reached XP level 3. HP: 8/19 MP: 8/10
  1069 | D:1      | Learned a level 2 spell: Passwall
  1073 | D:1      | Learned a level 3 spell: Stone Arrow
  1249 | D:2      | Found an ornate altar of the Wu Jian Council.
  1571 | D:2      | Noticed Robin
  1585 | D:2      | Killed Robin
  1586 | D:2      | Reached skill level 4 in Spellcasting
  1665 | D:2      | Found the +6 shillelagh "Devastator" {shatter}
  1813 | D:2      | Reached XP level 4. HP: 21/24 MP: 10/12
  2213 | D:2      | Found Muul's Antique Weapon Shop.
  2455 | D:2      | Identified the +1 robe of Dauchoh {rC+ Will+ Int+5}
  2592 | D:3      | Learned a level 4 spell: Petrify
  3295 | D:4      | Reached skill level 5 in Spellcasting
  3295 | D:4      | Reached XP level 5. HP: 24/28 MP: 9/14
  3425 | D:4      | Found a hide-covered altar of Uskayaw.
  3618 | D:4      | Reached skill level 1 in Fighting
  3618 | D:4      | Reached skill level 5 in Earth Magic
  3941 | D:4      | Found a staircase to the Ecumenical Temple.
  3971 | Temple   | Entered the Ecumenical Temple
  4102 | Temple   | Became a worshipper of Sif Muna the Loreminder
  4355 | D:4      | Reached skill level 6 in Spellcasting
  4355 | D:4      | Reached XP level 6. HP: 34/34 MP: 4/17
  4811 | D:5      | Entered Level 5 of the Dungeon
  4817 | D:5      | Learned a level 4 spell: Olgreb's Toxic Radiance
  4959 | D:5      | Reached skill level 1 in Invocations
  5210 | D:5      | Noticed a sky beast
  5213 | D:5      | Killed a sky beast
  5214 | D:5      | Reached skill level 1 in Poison Magic
  5279 | D:5      | Reached XP level 7. HP: 38/38 MP: 8/18
  5377 | D:5      | Found a white marble altar of Elyvilon.
  5382 | D:5      | Found a radiant altar of Vehumet.
  5509 | D:5      | Reached skill level 1 in Conjurations
  5595 | D:5      | Reached skill level 7 in Spellcasting
  6251 | D:6      | Reached XP level 8. HP: 28/44 MP: 8/21
  6331 | D:6      | Reached skill level 8 in Spellcasting
  6569 | D:6      | Reached * piety under Sif Muna
  7123 | D:7      | Reached skill level 9 in Spellcasting
  7575 | D:7      | Reached XP level 9. HP: 48/48 MP: 17/24
  8162 | D:7      | Reached skill level 10 in Spellcasting
  8420 | D:8      | Reached skill level 5 in Invocations
  8537 | D:8      | Reached ** piety under Sif Muna
  8939 | D:8      | Reached XP level 10. HP: 56/56 MP: 11/26
  9000 | D:8      | Reached skill level 11 in Spellcasting
  9000 | D:8      | Reached skill level 5 in Conjurations
  9404 | D:8      | Found a staircase to the Lair.
  9404 | D:8      | Noticed a death yak
  9559 | D:8      | Noticed a death yak
  9827 | D:8      | Noticed a death yak
 10131 | D:8      | Killed a death yak
 10245 | D:8      | Killed a death yak
 10513 | D:8      | Reached skill level 12 in Spellcasting
 10651 | D:7      | Killed a death yak
 10945 | D:9      | Noticed Erolcha
 10952 | D:9      | Killed Erolcha
 10953 | D:9      | Reached skill level 5 in Poison Magic
 10953 | D:9      | Reached XP level 11. HP: 62/62 MP: 17/29
 11049 | D:9      | Noticed Pikel
 11057 | D:9      | Killed Pikel
 11215 | D:9      | Found Zygoizus's Antique Armour Shoppe.
 11245 | D:9      | Found an iron altar of Okawaru.
 11548 | D:9      | Found a shadowy altar of Dithmenos.
 11620 | D:9      | Reached *** piety under Sif Muna
 11626 | D:9      | Reached skill level 10 in Earth Magic
 11777 | D:9      | Found a staircase to the Orcish Mines.
 12156 | D:10     | Entered Level 10 of the Dungeon
 12250 | D:10     | Noticed a two-headed ogre
 12253 | D:10     | Killed a two-headed ogre
 12582 | D:10     | Noticed a brown ugly thing
 12859 | D:10     | Noticed a deep elf pyromancer
 12865 | D:10     | Killed a deep elf pyromancer
 13251 | D:11     | Noticed a purple ugly thing
 13269 | D:11     | Killed a purple ugly thing
 13270 | D:11     | Reached skill level 5 in Fighting
 13270 | D:11     | Reached skill level 13 in Spellcasting
 13515 | D:11     | Noticed Urug
 13527 | D:11     | Killed Urug
 13831 | D:11     | Found a portal to a secret trove of treasure.
 14169 | D:11     | Noticed Josephine
 14214 | D:11     | Noticed a two-headed ogre
 14224 | D:11     | Killed a two-headed ogre
 14226 | D:11     | Killed Josephine
 14606 | D:11     | Learned a level 5 spell: Irradiate
 14608 | D:11     | Learned a level 1 spell: Apportation
 14726 | D:11     | Noticed Snorg
 14734 | D:11     | Killed Snorg
 15125 | D:12     | Noticed a seven-headed hydra
 15131 | D:12     | Killed a seven-headed hydra
 15132 | D:12     | Reached skill level 1 in Translocations
 15132 | D:12     | Reached XP level 12. HP: 34/68 MP: 19/31
 15484 | D:12     | Reached skill level 14 in Spellcasting
 15813 | D:12     | Noticed a seven-headed hydra
 15820 | D:12     | Killed a seven-headed hydra
 15972 | D:12     | Reached **** piety under Sif Muna
 16714 | D:12     | Noticed a boulder beetle
 16964 | D:12     | Killed a boulder beetle
 17388 | D:13     | Noticed Sonja
 17397 | D:13     | Killed Sonja
 17473 | D:13     | Noticed a tengu warrior
 17486 | D:13     | Killed a tengu warrior
 17567 | D:13     | Noticed a tengu warrior
 17577 | D:13     | Killed a tengu warrior
 18359 | D:14     | Noticed Louise
 18482 | Lair:1   | Entered Level 1 of the Lair of Beasts
 18620 | Lair:1   | Reached skill level 15 in Spellcasting
 18740 | Lair:1   | Noticed an eight-headed hydra
 18757 | Lair:1   | Killed an eight-headed hydra
 19007 | Lair:1   | Noticed an eight-headed hydra
 19025 | Lair:1   | Killed an eight-headed hydra
 19490 | Lair:1   | Found the +7 Kryia's mail coat {PotionHeal*2 rC+}
 19922 | Lair:2   | Reached XP level 13. HP: 70/75 MP: 18/34
 20121 | Lair:2   | Found a staircase to the Shoals.
 20203 | Lair:2   | Found a corrupted altar of Lugonu.
 20205 | Lair:2   | Found a one-way gate to the infinite horrors of the Abyss.
 20747 | Lair:2   | Identified the +5 hand axe "Earthworm" {drain, rF- rC+
                  | Dex+3}
 20866 | Lair:2   | Found a staircase to the Snake Pit.
 21325 | Lair:3   | Reached skill level 16 in Spellcasting
 21504 | Lair:3   | Reached skill level 10 in Invocations
 21825 | Lair:3   | Reached ***** piety under Sif Muna
 22031 | Lair:3   | Found a transporter.
 22117 | Lair:3   | Noticed dragonscale333's ghost (journeyman DjFE)
 22121 | Lair:3   | Found a transporter.
 22937 | Lair:4   | Received a gift from Sif Muna
 22941 | Lair:4   | Got Sif Muna's Catalogue of Dark Rites and Combat Magic
                  | {god gift}
 23515 | Lair:4   | Noticed Ceyroiss's ghost (journeyman HuWn)
 23529 | Lair:4   | Found a transporter.
 23538 | Lair:4   | Found a transporter.
 24040 | Lair:5   | Found a staircase to the Slime Pits.
 24141 | Lair:5   | Found a frozen archway.
 24148 | Lair:5   | Reached skill level 17 in Spellcasting
 24288 | IceCv    | Entered an ice cave
 24975 | IceCv    | Noticed a reaper
 24985 | IceCv    | Slain by a reaper

Illustrated notes

Levels and vault maps discovered:
D:1:      amcnicky_arrival_gap_in_the_tavern_cellar, layout_basic
D:2:      layout_basic, basic_altar, serial_shops, nicolae_shop_behind_doors,
          uniq_robin
D:3:      layout_loops_ring
D:4:      layout_gridville, lemuel_tele_altar, temple_green
D:5:      minmay_razor_zed, layout_rooms, mainiacjoe_overflow_catch_the_wave
D:6:      layout_rooms
D:7:      layout_loops_ring, nicolae_concentric_dashed_squares_mild,
          nicolae_elevator_lobby_asterisk
D:8:      layout_loops_cross, dpeg_lair_monsters
D:9:      layout_basic, kennysheep_mini_moat, kennysheep_okawaru_gauntlet,
          erik_orc_1, serial_shops, nicolae_shop_crystal, serial_bayou_pond_b,
          uniq_erolcha, uniq_pikel
D:10:     layout_loops_ring, minivault_24, grunt_decor_fettered
D:11:     layout_long_grid, trove_entry_hex_spiral, uniq_snorg, uniq_josephine,
          uniq_urug
D:12:     layout_grid_maze, special_room [special_room_orc],
          kennysheep_generic_room_4
D:13:     layout_roguey, uniq_sonja
D:14:     layout_irregular_city, david_vaults_5, fountainhead, uniq_louise
Temple:   minmay_crystal_spiral_temple
Lair:1:   layout_gridlike
Lair:2:   layout_big_grid, minmay_shoals_entry_beasts,
          guppyfry_snake_entry_garden, wad_woods_road_02,
          amcnicky_altar_lugonu_corruption
Lair:3:   layout_roguey, nzn_ghost_randoct
Lair:4:   layout_layer_cave, gammafunk_ghost_hive
Lair:5:   layout_hall_layers, minmay_slime_entry_pillars,
          portal_ice_cave_entry_ice_simulacra
IceCv:    ice_cave_small_demon

Skill      XL: |  1  2  3  4  5  6  7  8  9 10 11 12 13 |
---------------+----------------------------------------+-----
Stealth        | 3 |  3.0
Dodging        | 3 |  3.0
Earth Magic    | 4 5 6 7 8 9 10 11 12 | 12.0
Spellcasting   | 4 5 6 7 9 10 12 13 15 17 | 17.2
Fighting       | 1 2 3 4 5 6 7 |  7.5
Invocations    | 1 2 4 5 6 8 9 10 | 10.6
Poison Magic   | 1 2 3 5 6 7 8 |  8.0
Transmutations | 2 4 |  4.0
Conjurations   | 2 3 4 6 7 8 9 |  9.2
Translocations | 1 2 |  2.0

Action                   |  1- 3 |  4- 6 |  7- 9 | 10-12 | 13-15 || total
-------------------------+-------+-------+-------+-------+-------++-------
Melee: Dagger            |    73 |    86 |     8 |       |       ||   167
       Unarmed           |     2 |       |       |       |       ||     2
       Punch             |     2 |       |       |       |       ||     2
       Falchion          |       |       |       |    11 |       ||    11
       Staff             |       |       |       |       |     9 ||     9
 Cast: Sandblast         |    36 |    23 |    25 |    27 |    18 ||   129
       Stone Arrow       |     2 |    20 |   107 |   275 |   189 ||   593
       Petrify           |       |       |     1 |    24 |     1 ||    26
       Olgreb's Toxic Ra |       |       |       |    49 |    34 ||    83
       Passwall          |       |       |       |     6 |       ||     6
       Apportation       |       |       |       |     1 |       ||     1
Evoke: Wand              |       |       |       |     2 |     5 ||     7
  Use: Scroll            |       |     6 |     1 |    11 |     2 ||    20
       Potion            |       |     1 |     2 |     2 |       ||     5
 Stab: Sleeping          |     4 |     3 |       |       |       ||     7
       Distracted        |       |     1 |       |       |       ||     1
       Petrified         |       |       |       |     4 |       ||     4
Armor: Robe              |    10 |    17 |     7 |    26 |    34 ||    94
       Skin              |       |       |       |     1 |       ||     1
Dodge: Dodged            |    67 |    58 |    19 |    77 |    67 ||   288
